 Dungeon Crawl Stone Soup version 0.15.2 (webtiles) character file.

33 Huymann the Magician (level 3, -6/20 HPs)
             Began as a Deep Elf Wizard on Feb 6, 2015.
             Killed from afar by Sigmund (10 damage)
             ... with a magic dart
             ... on Level 2 of the Dungeon.
             The game lasted 00:11:09 (1697 turns).

Huymann the Magician (Deep Elf Wizard)              Turns: 1697, Time: 00:11:13

HP  -6/20        AC  2     Str  5      XL: 3   Next: 12%
MP   6/14        EV 13     Int 22      God:
Gold 64          SH  0     Dex 13      Spells:  3 memorised,  7 levels left

rFire  + . .     SeeInvis .     (no weapon)
rCold  + . .     Clarity  .     a - +0 robe
rNeg   . . .     rCorr    +     (no shield)
rPois  +         rRot     .     b - +0 hat
rElec  +         Spirit   .     (no cloak)
SustAb +         Warding  .     (no gloves)
rMut   .         Stasis   .     (no boots)
Gourm  .                        (no amulet)
MR     .....                    e - ring of sustain abilities
                                j - ring of poison resistance

@: resistant, not resistant to hostile enchantments, unstealthy
A: no striking features
a: no special abilities


You were on level 2 of the Dungeon.
You were full.

You visited 1 branch of the dungeon, and saw 2 of its levels.

You collected 64 gold pieces.

Inventory:

Hand weapons
 m - a +1 dagger
Missiles
 l - 5 curare-tipped needles
 o - 14 poisoned needles
Armour
 a - a +0 robe (worn)
 b - a +0 hat (worn)
Comestibles
 k - 3 meat rations
 r - a chunk of hobgoblin flesh
Scrolls
 g - 2 scrolls of remove curse
 n - 2 scrolls of enchant weapon
 p - a scroll of immolation {unknown}
 q - a scroll of noise {unknown}
 s - 2 scrolls of fog
Jewellery
 e - a ring of sustain abilities (right hand)
 i - an uncursed ring of poison resistance
 j - a ring of poison resistance (left hand)
Potions
 h - a potion of resistance
Books
 c - a book of Minor Magic

   Spells                             Type                      Level
   *Magic Dart                        Conjuration                  1
   *Blink                             Translocation                2
   *Call Imp                          Summoning                    2
   Repel Missiles                     Charms/Air                   2
   Slow                               Hexes                        2
   Conjure Flame                      Conjuration/Fire             3
   Mephitic Cloud                     Conjuration/Poison/Air       3


   Skills:
 * Level 0.4 Fighting
 * Level 2.7 Dodging
 * Level 2.7 Stealth
 + Level 5.2 Spellcasting
 * Level 1.5 Conjurations
 + Level 1.1 Summonings
 + Level 1.1 Translocations


You had 7 spell levels left.
You knew the following spells:

 Your Spells              Type           Power        Failure   Level  Hunger
a - Magic Dart            Conj           ##..         8%          1    None
b - Blink                 Tloc           N/A          12%         2    None
c - Call Imp              Summ           ##......     12%         2    None


Dungeon Overview and Level Annotations

Branches:
Dungeon (2/15)

Altars:

Annotations:
D:2 Sigmund


Message History

Eat which item? (? for menu, Esc to quit)
You continue eating.
Sigmund casts a spell.
Sigmund flickers and vanishes!
Deactivating autopickup; reactivate with Ctrl-A.
Your crimson imp blinks!
You finish eating.
That beef jerky was delicious!
You're too confused!
Are you sure you want to stumble around while confused and next to your crimson imp? [Y]es or [N]o only, please.
Are you sure you want to stumble around while confused and next to your crimson imp?
Okay, then.
Eat which item? (? for menu, Esc to quit)
Something hits you.
* * * LOW HITPOINT WARNING * * *
You continue eating.
You feel less confused. The magic dart hits you!
Ouch! That really hurt!
You die...

####### ##########.. ..#
#.@.....##.# #.#
#.#####.##.# #.######
#.##.# #....... ###
#.##.#####.....
#.....#####.##.#...#.####
...[...5@...............>
#.#########5.......#.#.#.
##........#.###.#.#.
.........#.....#5#.
##..####.######.#.......#.
...................##.###.
###.####.########..##...5.
#.# #..##.###.
#.########..##.# #.


You could see 2 friendly crimson imps.

Vanquished Creatures
  A giant mite (D:1)
  A giant gecko (D:1)
  A giant cockroach (D:1)
  2 goblins (D:1)
  5 hobgoblins
  2 jackals (D:1)
  6 kobolds (D:1)
  2 giant newts (D:1)
  4 rats (D:1)
24 creatures vanquished.

Vanquished Creatures (others)
  A white imp (D:2)
1 creature vanquished.

Grand Total: 25 creatures vanquished

Notes
Turn   | Place    | Note
--------------------------------------------------------------
     0 | D:1      | Huymann, the Deep Elf Wizard, began the quest for the Orb.
     0 | D:1      | Reached XP level 1. HP: 10/10 MP: 6/6
   345 | D:1      | Reached XP level 2. HP: 15/15 MP: 0/10
   550 | D:1      | Reached skill level 5 in Spellcasting
  1072 | D:1      | Reached XP level 3. HP: 2/19 MP: 8/14
  1076 | D:1      | Learned a level 2 spell: Blink
  1079 | D:1      | Learned a level 2 spell: Call Imp
  1666 | D:2      | Noticed Sigmund
  1697 | D:2      | Killed from afar by Sigmund

Action                   || total
-------------------------++-------
Melee: Dagger            ||    17
 Cast: Magic Dart        ||    57
       Call Imp          ||     8
  Use: Scroll            ||     7
       Potion            ||     1
 Stab: Sleeping          ||     1
  Eat: Chunk             ||     2
       Bread ration      ||     1
       Beef jerky        ||     1
